cohdb
Replays
Latest Replays
All Replays
Popular Replays
Top Player Replays
Match Explorer
How It Works
Community
CoH3 Stats
Reddit
Sign in to upload your games and track your stats! →
Sign in with Steam
Match 39477852
Unlisted
Match 39477852
Overview
Messages
Build Orders
End
Construct Section Command Post
Vickers Machine Gun Team
Infantry Section
Infantry Section
Construct Platoon Command Post
Selects Canadian Shock Battlegroup
Selects Canadian Shock Battlegroup
Selects Attacking Spirit
Selects Canadian Shock Section
Humber Armored Car
Canadian Shock Section
Construct Field Infirmary
6-pounder Anti-tank Gun Team
Kanade
Cheezus
MillenniumMirai
Potato Ball Sack
Chen
12392089
weekband
Calm
0
0
Comments
sign in to comment!
No comments posted yet!